[Event "*** Titled Tuesday Blitz"]
[Site "Chess.com"]
[Date "2018.07.03"]
[Round "7"]
[White "Saitama_Hero"]
[Black "PaulfromSPb"]
[Result "0-1"]
[WhiteElo "2344"]
[BlackElo "2525"]
[TimeControl "180+2"]
[EndTime "14:30:46 PDT"]
[Termination "PaulfromSPb won by checkmate"]

1. d4 Nf6 2. c4 e6 3. Nc3 Bb4 4. f3 O-O 5. a3 Bxc3+ 6. bxc3 d6 7. e4 Ne8 8. Bd3 Nc6 9. f4 f5 10. e5 Ne7 11. Nf3 b6 12. O-O h6 13. a4 d5 14. Ba3 c6 15. Qb3 Ba6 16. Rfd1 Bb7 17. a5 Rf7 18. a6 Bc8 19. cxd5 Nxd5 20. g3 b5 21. Bc5 Nec7 22. c4 bxc4 23. Bxc4 g5 24.
fxg5 hxg5 25. Bd6 Nb5 26. Bxb5 cxb5 27. Qxb5 Bd7 28. Qd3 Bc6 29. Rdc1 Rc8 30. Qd2 f4 31. Qd3 Kg7 32. Ra2 Ba8 33. Rxc8 Qxc8 34. Nxg5 Qc1+ 35.
Kf2 fxg3+ 36. Kxg3 Qxg5+ 37. Kh3 Nf4# 0-1

[Event "*** Titled Tuesday Blitz"]
[Site "Chess.com"]
[Date "2018.07.03"]
[Round "7"]
[White "Shant_Sargsyan"]
[Black "dretch"]
[Result "1-0"]
[WhiteElo "2905"]
[BlackElo "2779"]
[TimeControl "180+2"]
[EndTime "14:30:54 PDT"]
[Termination "Shant_Sargsyan won on time"]

1. d4 d5 2. c4 c6 3. cxd5 cxd5 4. Bg5 Qb6 5. Nc3 h6 6. Rc1 Nc6 7. Bd2 Nf6 8. e3 Bg4 9. Qb3 Qxb3 10. axb3 Rc8 11. Bb5 a6 12. Bd3 Nb4 13. Bb1 e6 14. h3 Bf5 15. Bxf5 exf5 16. Ke2 Kd7 17. Nf3 Bd6 18. Na4 Rxc1 19. Rxc1 Nc6 20. b4 Ne4 21. Be1 Nxb4 22. Bxb4 Bxb4 23. Ne5+ Ke6 24. Rc7 Bd6 25. Rxb7 Rb8 26. Nxf7 Rxb7 27. Nd8+ Kd7 28. Nxb7 Bb4 29. f3 Nf6 30. Nbc5+ Kc6 31. Nd3 1-0

[Event "*** Titled Tuesday Blitz"]
[Site "Chess.com"]
[Date "2018.07.03"]
[Round "7"]
[White "maheswaran26"]
[Black "Irochka83"]
[Result "0-1"]
[WhiteElo "1998"]
[BlackElo "2268"]
[TimeControl "180+2"]
[EndTime "14:30:55 PDT"]
[Termination "Irochka83 won by resignation"]

1. d4 Nf6 2. Nf3 e6 3. Bf4 d5 4. e3 c5 5. c3 Nc6 6. Nbd2 cxd4 7. exd4 Nh5 8. Be3 Bd6 9. Ne5 g6 10. Bb5 Bd7 11. Bxc6 Bxc6 12. Qf3 Bxe5 13. dxe5 d4 14.
Qe2 dxe3 15. Qxe3 Bxg2 16. Rg1 Bc6 17. O-O-O Qh4 18. Qc5 Qe7 19. Qe3 O-O 20. Nc4 Bd5 21.
Nd6 f6 22. Qh6 Ng7 23. f4 fxe5 24. fxe5 Rf2 25. h4 Bf3 26. h5 Bxh5 27. Ne4 Bxd1 28.
Nxf2 Bf3 29. Rg3 Rf8 30. Qh3 Qf7 0-1

[Event "*** Titled Tuesday Blitz"]
[Site "Chess.com"]
[Date "2018.07.03"]
[Round "7"]
[White "chessking2151"]
[Black "jacky72"]
[Result "1/2-1/2"]
[WhiteElo "2465"]
[BlackElo "2608"]
[TimeControl "180+2"]
[EndTime "14:30:55 PDT"]
[Termination "Game drawn - insufficient material"]

1. Nf3 Nf6 2. g3 g6 3. c4 Bg7 4. Bg2 O-O 5. O-O d6 6. d4 Nc6 7.
Nc3 Bf5 8. Bg5 Ne4 9. Nxe4 Bxe4 10. d5 Na5 11. Qc1 c5 12. dxc6 Nxc6 13. Ne1 Bxg2 14. Nxg2 Rc8 15. Qd2 Qb6 16. Rab1 Qd4 17. Qxd4 Bxd4 18.
Rfd1 Bg7 19. b3 h6 20. Bc1 Nd4 21. Kf1 a6 22. Bb2 Ne6 23. Ne3 Bxb2 24. Rxb2 b5 25.
Rc1 Nd4 26. Nd5 Rfe8 27. e3 Nf3 28. Kg2 Ne5 29. Rbc2 bxc4 30. Nb6 Rc6 31. Nxc4 Rec8 32. Na3 Rxc2 33. Rxc2 Rxc2 34. Nxc2 Kf8 35. e4 Ke8 36. f4 Nd3 37. Kf3 Nc1 38. Nb4 a5 39. Nc6 Nxa2 40.
Nxa5 Kd7 41. Nc4 Kc6 42. Ne3 e6 43. Nc2 Kc5 44. Ke3 Nc1 45. Nd4 e5 46. fxe5 dxe5 47. b4+ Kb6 48. Nf3 f6 49. Nh4 g5 50. Nf5 h5 51.
Ng7 h4 52. Nh5 hxg3 53. hxg3 Na2 54. Nxf6 Nxb4 55. Nh7 Kc5 56. Nxg5 Kd6 57. Nf3 Ke6 58. g4 Na6 59. Nd2 Nc5 60. Nc4 Kf6 61. Kf3 Nb3 62. Nb6 Nc5 63. Nd5+ Kg5 64. Ne3 Nd3 65. Nc4 Kf6 66. Kg3 Nc5 67. Nd2 Kg5 68. Nf3+ Kf6 69. g5+ Kg6 70. Kg4 Nxe4 71. Nxe5+ Kg7 72. Kf5 Nxg5 73. Kxg5 1/2-1/2

[Event "*** Titled Tuesday Blitz"]
[Site "Chess.com"]
[Date "2018.07.03"]
[Round "7"]
[White "VerdeNotte"]
[Black "Micki-taryan"]
[Result "1-0"]
[WhiteElo "2619"]
[BlackElo "2836"]
[TimeControl "180+2"]
[EndTime "14:30:56 PDT"]
[Termination "VerdeNotte won by resignation"]

1. e4 d6 2. d4 e5 3. Nf3 Nd7 4. Bc4 Be7 5. dxe5 Nxe5 6. Nxe5 dxe5 7. Qh5 g6 8. Qxe5 Nf6 9. Bh6 Rg8 10. Bg5 Ng4 11. Qxe7+ Qxe7 12. Bxe7 Kxe7 13. Nc3 c6 14. Be2 Nf6 15. Bc4 g5 16. a4 a5 17. O-O Ng4 18.
Bb3 Ne5 19. Rad1 h5 20. f4 gxf4 21. Rxf4 h4 22. Rdf1 h3 23. g3 Be6 24. Bxe6 Kxe6 25. Rf6+ Ke7 26. R6f5 Ke6 27. Ne2 Rae8 28. Nf4+ Kd6 29.
Nd3 Ng4 30. R1f4 f6 31. Rxa5 Ne3 32. Rh5 Kc7 33. Rxh3 Nxc2 34. Rh7+ Kb8 35. Nc5 Rd8 36. Rxb7+ Ka8 37. Rb6 Ne3 38. Kf2 Ng4+ 39. Ke2 Ne5 40. Rxf6 Rh8 41. h4 Rhg8 42. Re6 Nc4 43. Ra6+ Kb8 44.
Re7 Nd6 45. Rb6+ Ka8 46. Ra6+ Kb8 47. Rxc6 Rc8 48. Na6+ Ka8 49. Nc7+ Kb8 50. Rxd6 Rxc7 51. Rxc7 Kxc7 52. Rd3 Rb8 53. b3 Kb6 54. Rd5 Rg8 55. Kf3 Kc6 56. h5 Rf8+ 57. Rf5 Rh8 58. b4 Rh7 59. g4 Kd6 60. a5 Ke6 61. b5 Rc7 62. a6 Rc1 63. Kf4 Rf1+ 64. Kg5 Ra1 65. h6 Rxa6 66. bxa6 1-0

[Event "*** Titled Tuesday Blitz"]
[Site "Chess.com"]
[Date "2018.07.03"]
[Round "7"]
[White "MikaelyanArman"]
[Black "Mikhail_Antipov"]
[Result "0-1"]
[WhiteElo "2614"]
[BlackElo "2820"]
[TimeControl "180+2"]
[EndTime "14:31:00 PDT"]
[Termination "Mikhail_Antipov won by resignation"]

1. Nf3 Nf6 2. g3 d5 3. Bg2 c6 4. c4 a6 5. b3 Bf5 6. Bb2 e6 7. O-O h6 8. d3 Be7 9. Nbd2 O-O 10. Re1 Bh7 11. e4 dxe4 12. dxe4 a5 13. e5 Nfd7 14. Ne4 Nc5 15. Nxc5 Bxc5 16. Qe2 a4 17. Rad1 Qb6 18.
Bd4 Na6 19. Qe3 axb3 20. axb3 Rfd8 21. h4 Rxd4 22. Nxd4 Rd8 23. Nxe6 Rxd1 24. Rxd1 Bxe3 25. Rd8+ Qxd8 26. Nxd8 Bd4 27. Nxb7 c5 28. Na5 Nb4 29. Kf1 Bd3+ 30. Ke1 Bc3+ 31. Kd1 Bxe5 32. Bf3 Bd4 33. Be2 Be4 34. f3 Ba8 35. Kd2 Be5 36. f4 Bc7 37. Nb7 Bxb7 38. Bf3 Bxf3 0-1

[Event "*** Titled Tuesday Blitz"]
[Site "Chess.com"]
[Date "2018.07.03"]
[Round "7"]
[White "meoluoi91"]
[Black "1e41-0"]
[Result "1-0"]
[WhiteElo "2509"]
[BlackElo "2495"]
[TimeControl "180+2"]
[EndTime "14:31:02 PDT"]
[Termination "meoluoi91 won by checkmate"]

1. d4 Nf6 2. c4 c5 3. d5 e5 4. Nc3 d6 5. e4 Nbd7 6. Bd3 g6 7. Nge2 Bg7 8. h3 O-O 9. g4 h5 10. Rg1 b5 11. cxb5 hxg4 12. hxg4 c4 13. Bxc4 Nb6 14. Bd3 Bxg4 15. Bg5 Qd7 16. Qd2 Rac8 17. b3 Nh5 18. Ng3 Nf4 19. Nce2 Rc5 20. Rd1 Rfc8 21.
Qe3 Nxd3+ 22. Qxd3 Qxb5 23. Qxb5 Rxb5 24. Kd2 f5 25.
Rc1 fxe4 26. Nc3 Rb4 27. Ngxe4 Rd4+ 28. Ke3 Nxd5+ 29. Nxd5 Rxd5 30. Rxc8+ Bxc8 31. Be7 Bh6+ 32. Ke2 Ba6+ 33. Ke1 Kf7 34. Bxd6 Rd4 35. f3 Be3 36. Rg2 Ke6 37. Bc5 Rd3 38. Rxg6+ Kf5 39. Rf6# 1-0

[Event "*** Titled Tuesday Blitz"]
[Site "Chess.com"]
[Date "2018.07.03"]
[Round "7"]
[White "Joel1285"]
[Black "nitpicker"]
[Result "0-1"]
[WhiteElo "1760"]
[BlackElo "2107"]
[TimeControl "180+2"]
[EndTime "14:31:05 PDT"]
[Termination "nitpicker won by checkmate"]

1. d4 Nf6 2. c4 e6 3. Nf3 b6 4. a3 Bb7 5. Nc3 Ne4 6. Nxe4 Bxe4 7. e3 d6 8. Bd3 Bxd3 9. Qxd3 Nd7 10. O-O g6 11. e4 Bg7 12. Be3 O-O 13. Rfd1 Qe7 14.
b4 c6 15. Rac1 Rfd8 16. d5 exd5 17. exd5 c5 18. bxc5 bxc5 19. Rb1 Rab8 20. Rxb8 Rxb8 21. Rb1 Qd8 22. Rb3 Rxb3 23. Qxb3 Qb6 24. Nd2 Kf8 25. Qa4 Ke7 26. Bg5+ f6 27. Be3 h6 28. h4 f5 29. h5 g5 30. Qc2 Kf6 31. g4 Ne5 32. Qxf5+ Ke7 33. Qe6+ Kf8 34. Ne4 Qb1+ 35. Kh2 Qxe4 36. Qxd6+ Kg8 37. Qxc5 Nf3+ 38. Kg3 Be5+ 39. Kh3 Ng1# 0-1

[Event "*** Titled Tuesday Blitz"]
[Site "Chess.com"]
[Date "2018.07.03"]
[Round "7"]
[White "CarlssonLudvig"]
[Black "chesstatour"]
[Result "1-0"]
[WhiteElo "2138"]
[BlackElo "2026"]
[TimeControl "180+2"]
[EndTime "14:31:09 PDT"]
[Termination "CarlssonLudvig won by checkmate"]

1. d4 b6 2. Nf3 Bb7 3. Bf4 e6 4. e3 f5 5. h3 Nf6 6. Bd3 Nc6 7. g4 Nb4 8. gxf5 Nxd3+ 9. cxd3 exf5 10. Nbd2 Bb4 11.
Rg1 Qe7 12. a3 Bxd2+ 13. Nxd2 Nd5 14. Bg5 Qf7 15. Nc4 d6 16. Qa4+ Qd7 17. Qxd7+ Kxd7 18. f4 Rae8 19. Kd2 Re6 20. Rg3 Rhe8 21. Bh4 g6 22.
Bg5 Ba6 23. Re1 Bb7 24. b4 a6 25. h4 c6 26. h5 gxh5 27. Rh3 h6 28. Bh4 Nxf4 29. exf4 Rxe1 30. Bxe1 b5 31. Na5 Bc8 32.
Rxh5 Rg8 33. Rxh6 Rg2+ 34. Kc3 Re2 35. Rh7+ Ke6 36. Nxc6 Rxe1 37. Re7+ Kd5 38. Rxe1 a5 39. Ne7# 1-0

[Event "*** Titled Tuesday Blitz"]
[Site "Chess.com"]
[Date "2018.07.03"]
[Round "7"]
[White "QDcoach"]
[Black "Genghis_K"]
[Result "0-1"]
[WhiteElo "2657"]
[BlackElo "2712"]
[TimeControl "180+2"]
[EndTime "14:31:11 PDT"]
[Termination "Genghis_K won by resignation"]

1. d4 Nf6 2. c4 g6 3. g3 Bg7 4. Bg2 O-O 5. Nc3 d6 6. Nf3 Nbd7 7.
O-O e5 8. e4 exd4 9. Nxd4 Re8 10. f3 a6 11. a4 Ne5 12. b3 Bd7 13. Nde2 Rb8 14. a5 Nc6 15. Be3 h5 16. Qd2 h4 17.
Bg5 hxg3 18. hxg3 Be6 19. Nf4 Qd7 20. Nxe6 Qxe6 21. Nd5 Rbc8 22. Bxf6 Bxf6 23. Bh3 Qxh3 24. Nxf6+ Kf8 25. Nxe8 Qxg3+ 26. Qg2 Qf4 27. Qh2 Qe3+ 28. Qf2 Qg5+ 29. Qg2 Qc5+ 30. Qf2 Nd4 31. Kg2 Rxe8 32.
b4 Qg5+ 33. Qg3 Qd2+ 34. Rf2 Qxb4 35. Rh1 Ne6 36. Qh4 Qc3 37. Rb1 g5 38. Qh6+ Ke7 39. Rxb7 Rh8 0-1

[Event "*** Titled Tuesday Blitz"]
[Site "Chess.com"]
[Date "2018.07.03"]
[Round "7"]
[White "EndgameGrinder"]
[Black "Drags95"]
[Result "0-1"]
[WhiteElo "2457"]
[BlackElo "2609"]
[TimeControl "180+2"]
[EndTime "14:31:13 PDT"]
[Termination "Drags95 won by resignation"]

1. e4 e5 2. Nf3 Nc6 3. d4 exd4 4. Nxd4 Qf6 5. Be3 Bc5 6. c3 Nge7 7. g3 Qg6 8. Bg2 Nxd4 9. cxd4 Bb6 10. Nc3 d6 11. O-O h5 12. h4 Bg4 13. Qa4+ Bd7 14. Qb3 O-O 15. a4 a5 16. Rae1 Kh8 17. Kh2 f5 18. Bg5 Nc6 19. d5 Nd4 20. Qd1 fxe4 21.
Nxe4 Rae8 22. Be3 Rxe4 23. Bxe4 Qxe4 24. Bxd4 Qxd4 25. Qxh5+ Kg8 26. f4 Rf7 27. Re2 Qxa4 28. Rfe1 Qd4 29. Qg5 Qf6 30. Qxf6 Rxf6 31. Re7 Rf7 32.
Kg2 Bd4 33. b3 Bf6 34. Rxf7 Kxf7 35. Kf3 b5 36. g4 a4 37. bxa4 bxa4 38. g5 Bb2 39. h5 a3 40. g6+ Kf6 0-1

[Event "*** Titled Tuesday Blitz"]
[Site "Chess.com"]
[Date "2018.07.03"]
[Round "7"]
[White "BillForster"]
[Black "Morshynska"]
[Result "0-1"]
[WhiteElo "1705"]
[BlackElo "2144"]
[TimeControl "180+2"]
[EndTime "14:31:20 PDT"]
[Termination "Morshynska won on time"]

1. d4 Nf6 2. c4 e6 3. g3 Bb4+ 4.
Bd2 Qe7 5. Bg2 Nc6 6. Nf3 Bxd2+ 7. Qxd2 Ne4 8. Qc2 Qb4+ 9. Kf1 d5 10. b3 O-O 11. a3 Qe7 12. e3 Bd7 13. Nfd2 f5 14.
f3 Nf6 15. Kf2 Rad8 16. Rf1 Kh8 17. Nc3 Bc8 18. Rae1 Qxa3 19. Kg1 Qe7 20. c5 e5 21.
Nb5 a6 22. dxe5 Qxe5 23. Nd4 Bd7 24. b4 Rfe8 25. b5 axb5 26. Nxb5 Bc8 27. f4 Qe7 28. Nb3 Ne4 29. N3d4 Nxd4 30. Nxd4 h6 31. c6 b6 32. Qb3 Ba6 33. Rf3 Bc4 34. Qc2 Ra8 35. g4 Ra2 0-1

[Event "*** Titled Tuesday Blitz"]
[Site "Chess.com"]
[Date "2018.07.03"]
[Round "7"]
[White "SergeiAza"]
[Black "The_Unbeatable_One"]
[Result "1-0"]
[WhiteElo "2690"]
[BlackElo "2638"]
[TimeControl "180+2"]
[EndTime "14:31:21 PDT"]
[Termination "SergeiAza won by resignation"]

1. e4 e5 2. Nf3 Nc6 3. Bb5 a6 4. Ba4 Nf6 5. O-O Be7 6. Re1 b5 7. Bb3 d6 8. c3 O-O 9. h3 Nb8 10. d4 Nbd7 11. Nbd2 Bb7 12. Bc2 Re8 13. Nf1 Bf8 14. Ng3 g6 15. a4 c5 16. d5 c4 17.
Bg5 Be7 18. Qd2 Nc5 19. Bh6 Nfd7 20. Rf1 bxa4 21. Nh2 Nb3 22. Bxb3 axb3 23. f4 a5 24. f5 a4 25. Ng4 Nf6 26. fxg6 hxg6 27. Qf2 Kh7 28. Bg5 Nxg4 29. Qxf7+ Kh8 30. Nh5 gxh5 31. Qxh5+ Kg8 32. Qg6+ Kh8 33. Rf7 Qb6+ 34. Kh1 Nf2+ 35. Kh2 Ng4+ 36. hxg4 1-0

[Event "*** Titled Tuesday Blitz"]
[Site "Chess.com"]
[Date "2018.07.03"]
[Round "7"]
[White "moro182"]
[Black "Dr_Mortimer"]
[Result "0-1"]
[WhiteElo "2630"]
[BlackElo "2810"]
[TimeControl "180+2"]
[EndTime "14:31:24 PDT"]
[Termination "Dr_Mortimer won by resignation"]

1. d4 Nf6 2. Bf4 g6 3. Nc3 Bg7 4. e4 d6 5. Be2 O-O 6. h4 h5 7. Nf3 Nc6 8. Qd2 Bg4 9. d5 e5 10. dxe6 Bxe6 11. Ng5 Bd7 12. f3 Ne5 13. O-O-O Qe7 14.
Kb1 b5 15. g4 Nc4 16. Bxc4 bxc4 17. gxh5 Nxh5 18. Nd5 Qd8 19. Be3 c5 20. c3 Rb8 21.
Nf4 Qa5 22. Ka1 Rxb2 23. Qxb2 Bxc3 24. Nd5 Bxb2+ 25. Kxb2 Rb8+ 26. Ka1 Bc6 27. Bd2 Qa3 28. Bc1 Qa6 29. Ne7+ Kf8 30. Nxc6 Qxc6 31. Bb2 Nf4 32. Rb1 Rb4 33. Bc3 a5 34. h5 gxh5 35. Bxb4 cxb4 36. Rh4 Qc5 37. Rxf4 Qe5+ 38. Rb2 Qxf4 0-1

[Event "*** Titled Tuesday Blitz"]
[Site "Chess.com"]
[Date "2018.07.03"]
[Round "7"]
[White "Goala"]
[Black "kungmongmanh"]
[Result "0-1"]
[WhiteElo "2416"]
[BlackElo "2488"]
[TimeControl "180+2"]
[EndTime "14:31:30 PDT"]
[Termination "kungmongmanh won by resignation"]

1. d4 Nf6 2. c4 e6 3. Nf3 Bb4+ 4. Bd2 Qe7 5. g3 O-O 6. Nc3 Bxc3 7. Bxc3 Ne4 8. Rc1 Nxc3 9. Rxc3 d6 10. Bg2 e5 11.
O-O c6 12. Qc2 h6 13. Rd1 Re8 14. Re3 Nd7 15. dxe5 dxe5 16. Bh3 f6 17. Nh4 Nb6 18. Bxc8 Rexc8 19. Nf5 Qe6 20. Red3 Re8 21. Nd6 Re7 22.
b3 Rd7 23. c5 Nd5 24. a3 Ne7 25. b4 b6 26. h4 b5 27. h5 a5 28. Kg2 axb4 29. axb4 Ra2 30. Qc3 Rxe2 31. Nxb5 Nd5 32.
Qb3 Kh8 33. Nc3 Nf4+ 34. gxf4 Qxb3 35. Rxd7 Qxc3 36. fxe5 Qxe5 37. R1d3 Qe4+ 38. Rf3 Qg4+ 39. Rg3 Qxd7 0-1

[Event "*** Titled Tuesday Blitz"]
[Site "Chess.com"]
[Date "2018.07.03"]
[Round "7"]
[White "GM_dmitrij"]
[Black "Dr-Bassem"]
[Result "0-1"]
[WhiteElo "2803"]
[BlackElo "2727"]
[TimeControl "180+2"]
[EndTime "14:31:34 PDT"]
[Termination "Dr-Bassem won by resignation"]

1. e4 e5 2. Nf3 Nc6 3. Bb5 a6 4. Ba4 Nf6 5. O-O Be7 6. d3 d6 7. c4 O-O 8. Nc3 Nd7 9. Be3 Bf6 10. Nd5 Nd4 11. Nxf6+ Qxf6 12. Nxd4 exd4 13. Bxd7 dxe3 14. Bxc8 Raxc8 15. fxe3 Qxb2 16. Rb1 Qxa2 17. Rxb7 Qa5 18.
Qa1 Qd2 19. Qd4 Rb8 20. Rbb1 c5 21. Qxd6 Qxe3+ 22. Kh1 Rbd8 23. Qxa6 Qxd3 24. e5 Rfe8 25. h3 Rxe5 26. Qb6 Rde8 27. Qa6 h6 28. Rbd1 Qe2 29.
Qb5 Rg5 30. Rg1 Rxg2 31. Qxe8+ Qxe8 32. Rxg2 Qe4 33. Rc1 Qe3 34. Rcc2 Qxh3+ 35. Kg1 Qe3+ 36. Kf1 g5 37. Rge2 Qd3 38. Kg2 Kg7 39. Red2 Qe4+ 40.
Kg1 h5 41. Re2 Qd4+ 42. Kf1 h4 43. Rg2 Kg6 44. Ke1 h3 45. Rg3 Qe5+ 46. Kf2 Qf4+ 47. Rf3 Qh2+ 0-1

[Event "*** Titled Tuesday Blitz"]
[Site "Chess.com"]
[Date "2018.07.03"]
[Round "7"]
[White "VladimirBelous"]
[Black "Swarnapuri"]
[Result "0-1"]
[WhiteElo "2656"]
[BlackElo "2592"]
[TimeControl "180+2"]
[EndTime "14:31:36 PDT"]
[Termination "Swarnapuri won by resignation"]

1. c4 Nc6 2. d4 e5 3. d5 Nce7 4.
Nf3 Ng6 5. h4 h5 6. Bg5 Nf6 7.
e3 Be7 8. Nbd2 d6 9. Bd3 Nf8 10.
Rc1 N8h7 11. Qa4+ Bd7 12. Qb3 b6 13. Qc3 g6 14. b4 a5 15. a3 axb4 16. axb4 Ng4 17. c5 bxc5 18. Bxe7 Qxe7 19. bxc5 O-O 20. O-O f5 21. e4 f4 22. Ra1 g5 23. Rxa8 Rxa8 24.
Ra1 Rxa1+ 25. Qxa1 gxh4 26. Qa8+ Qe8 27. Qa7 h3 28.
gxh3 Nh6 29. Kh2 Qc8 30. Ba6 Qd8 31. cxd6 cxd6 32. Nc4 Nf7 33. Qb6 Qe7 34. Qc7 Kf8 35. Bc8 Bb5 36. Qxe7+ Kxe7 37. Nb6 Be2 38. Nd2 Nhg5 39.
Bf5 Nf3+ 40. Nxf3 Bxf3 41. h4 Nh6 42. Nc8+ Kf6 43. Bh3 Bxe4 44. Nxd6 Bxd5 45. Ne8+ Ke7 46. Ng7 Bf3 47. Nf5+ Nxf5 48. Bxf5 Kf6 49. Bc2 e4 50. Ba4 Kf5 51. Bc6 Kg4 0-1

[Event "*** Titled Tuesday Blitz"]
[Site "Chess.com"]
[Date "2018.07.03"]
[Round "7"]
[White "LuisFSiles"]
[Black "BlackBoarder"]
[Result "0-1"]
[WhiteElo "2212"]
[BlackElo "2248"]
[TimeControl "180+2"]
[EndTime "14:31:42 PDT"]
[Termination "BlackBoarder won by resignation"]

1. e4 e6 2. d4 d5 3. Nd2 c5 4.
exd5 Qxd5 5. Ngf3 cxd4 6. Bc4 Qd6 7. O-O Nf6 8. Nb3 Nc6 9. Nbxd4 Nxd4 10. Qxd4 Bd7 11.
Rd1 Qxd4 12. Nxd4 a6 13. Be2 b5 14. Bf3 O-O-O 15. Bf4 Bc5 16. Nb3 Bb6 17. c4 Bc7 18. Be3 bxc4 19. Nd2 Bb5 20. a4 Be8 21. Nxc4 Rxd1+ 22. Bxd1 Nd5 23. Bc5 Bc6 24. Bf3 Rd8 25. a5 Bb5 26. Rc1 Kb7 27. Bxd5+ Rxd5 28. Nb6 Rd2 29. b4 Bc6 30. Kf1 Be5 31. Be3 Rb2 32.
Bc5 Bb5+ 33. Kg1 Re2 34. Be3 Bb2 35. Rd1 Ba4 36. Rb1 Bc2 37. Kf1 Bd3 38. Rd1 Rxe3+ 39. Rxd3 Rxd3 40. Ke2 Rb3 41. Nc4 Rxb4 42. Nd6+ Kc6 0-1

[Event "*** Titled Tuesday Blitz"]
[Site "Chess.com"]
[Date "2018.07.03"]
[Round "7"]
[White "Grebeniuk-S"]
[Black "26andrej26"]
[Result "0-1"]
[WhiteElo "2449"]
[BlackElo "2407"]
[TimeControl "180+2"]
[EndTime "14:31:43 PDT"]
[Termination "26andrej26 won by checkmate"]

1. d4 Nf6 2. Nf3 g6 3. Bg5 Bg7 4. Nbd2 d5 5. e3 Nbd7 6. Be2 h6 7. Bh4 c6 8. O-O Qb6 9. b3 O-O 10. c4 g5 11. Bg3 Ne4 12. Nxe4 dxe4 13. Nd2 f5 14. f4 exf3 15. Nxf3 e5 16. Kh1 f4 17. exf4 gxf4 18. Bf2 e4 19. d5 e3 20. Bh4 Nc5 21. Be7 Rf7 22. d6 Bd7 23. Nh4 Ne4 24.
Qc2 Nf2+ 25. Kg1 Qc5 26. Rab1 Qe5 27. c5 Be6 28. b4 Bd5 29. Nf3 Qe6 30. Rbc1 Bxa2 31.
Bc4 Bxc4 32. Qxc4 Qg4 33. Rce1 Re8 34. Re2 Bf8 35. Bxf8 Rxf8 36. b5 Kh8 37. bxc6 bxc6 38. Qd4+ Rg7 39. Ne1 Qxe2 40. d7 Nh3+ 41. Kh1 Qxf1# 0-1

[Event "*** Titled Tuesday Blitz"]
[Site "Chess.com"]
[Date "2018.07.03"]
[Round "7"]
[White "Kaphrep"]
[Black "Blitzstream"]
[Result "0-1"]
[WhiteElo "2655"]
[BlackElo "2483"]
[TimeControl "180+2"]
[EndTime "14:31:54 PDT"]
[Termination "Blitzstream won by resignation"]

1. b3 e5 2. Bb2 Nc6 3. Nf3 d6 4. e3 g6 5. d4 Bg7 6. dxe5 Nxe5 7.
Nxe5 Bxe5 8. Nc3 Ne7 9. Qd2 O-O 10. O-O-O Nc6 11. Be2 a5 12. h4 Nb4 13. Kb1 Be6 14.
f4 Bg7 15. h5 a4 16. Nxa4 Nxa2 17. Bxg7 Kxg7 18. Qd4+ f6 19. Kxa2 c5 20. Qe4 Re8 21.
hxg6 Bxb3+ 22. cxb3 Rxe4 23. Rxh7+ Kxg6 24. Bd3 Kxh7 25. Bxe4+ Kg7 26. Kb2 Qe7 27. Nc3 Rh8 28. Rd3 b5 29.
Bf3 b4 30. Ne4 Qa7 31. Nxd6 Qa3+ 32. Kc2 Qa2+ 33. Kc1 Rh1+ 34. Bd1 Qa1+ 35. Kc2 Qa2+ 36. Kc1 Qa1+ 37. Kc2 Rxd1 38. Rxd1 Qc3+ 39. Kb1 Qxb3+ 40.
Kc1 Qxe3+ 41. Kb1 Qb3+ 42. Kc1 Qc3+ 43. Kb1 b3 44. Nf5+ Kg6 45. Nh4+ Kh5 0-1

[Event "*** Titled Tuesday Blitz"]
[Site "Chess.com"]
[Date "2018.07.03"]
[Round "7"]
[White "RiskyDecision"]
[Black "nurmiTV"]
[Result "1-0"]
[WhiteElo "2509"]
[BlackElo "2501"]
[TimeControl "180+2"]
[EndTime "14:31:56 PDT"]
[Termination "RiskyDecision won by resignation"]

1. d4 Nf6 2. Bg5 Ne4 3. Bf4 d5 4. e3 c5 5. Bd3 Nf6 6. c3 Nc6 7.
Nd2 Qb6 8. Rb1 Bg4 9. Qa4 e6 10. Ngf3 Be7 11. Bg5 Bh5 12. Ne5 h6 13. Bh4 Nd7 14.
Nxd7 Kxd7 15. Bxe7 Kxe7 16. dxc5 Qxc5 17. Qh4+ g5 18.
Qxh5 Ne5 19. Qe2 f5 20. O-O g4 21. c4 h5 22. cxd5 Qxd5 23. Bc4 Qa5 24. b4 Qc7 25. Bb3 Rac8 26. f4 gxf3 27. gxf3 Rhg8+ 28. Kh1 Rcd8 29. Rg1 Qc6 30. Rxg8 Rxg8 31. Rg1 Rd8 32. Qg2 Rd7 33. Qg7+ Kd6 34. Qg3 b5 35. Rd1 f4 36. Qxf4 Rf7 37.
Ne4+ Ke7 38. Qxe5 Rxf3 39. Rg1 Rf5 40. Qg7+ Kd8 41. Qg8+ Kc7 42. Qxe6 Qxe6 43. Bxe6 Re5 44. Nc5 Rxe3 45. Rg7+ Kd6 46. Rd7+ Ke5 47. Rd5+ Kf4 48. Rf5+ Kg4 49. Re5+ 1-0

[Event "*** Titled Tuesday Blitz"]
[Site "Chess.com"]
[Date "2018.07.03"]
[Round "7"]
[White "bugsbunny444"]
[Black "sergeikim"]
[Result "1-0"]
[WhiteElo "2384"]
[BlackElo "2403"]
[TimeControl "180+2"]
[EndTime "14:32:00 PDT"]
[Termination "bugsbunny444 won by resignation"]

1. Nf3 Nf6 2. c4 g6 3. b4 Bg7 4.
Bb2 d6 5. g3 O-O 6. Bg2 e5 7.
O-O Nc6 8. b5 Ne7 9. d3 Nh5 10.
Qb3 Kh8 11. c5 h6 12. Nbd2 Be6 13. Qb4 Nd5 14. Qa3 a6 15. b6 dxc5 16. bxc7 Qxc7 17. Rac1 Rac8 18. d4 exd4 19. Nxd4 Nb4 20. Nxe6 fxe6 21. Ne4 b6 22. Qb3 Qe7 23. Rfd1 Rcd8 24. Bh3 e5 25. a3 Nc6 26. Qxb6 Nd4 27. Bxd4 cxd4 28. Qxg6 Qe8 29. Bf5 Qxg6 30. Bxg6 Nf6 31. Rc6 Nxe4 32. Bxe4 Rf6 33. Rdc1 Rdf8 34. f3 Rxc6 35. Rxc6 Rf6 36. Rc7 Rf8 37. Ra7 Bf6 38. Rxa6 Bg5 39. Kg2 Kg7 40. Ra7+ Kf6 41. a4 Rb8 42. Bd3 Rb2 43.
a5 Ra2 44. a6 e4 45. fxe4 Be3 46. Kf3 h5 47. Rh7 Kg5 48. e5 1-0

[Event "*** Titled Tuesday Blitz"]
[Site "Chess.com"]
[Date "2018.07.03"]
[Round "7"]
[White "Karina_Oparina"]
[Black "Keures"]
[Result "0-1"]
[WhiteElo "2188"]
[BlackElo "2143"]
[TimeControl "180+2"]
[EndTime "14:32:15 PDT"]
[Termination "Keures won on time"]

1. Nf3 d5 2. g3 g6 3. Bg2 Bg7 4.
d4 Nf6 5. O-O O-O 6. c4 dxc4 7.
Na3 c3 8. bxc3 Bg4 9. e3 Nbd7 10.
Qe2 e5 11. h3 Bxf3 12. Bxf3 e4 13. Bg2 Re8 14. Bb2 Nd5 15. c4 Nb4 16. Bc3 Nd3 17.
Bxe4 Nxf2 18. Bxb7 Nxh3+ 19. Kh2 Rb8 20. Bd5 Ng5 21. Qg4 h5 22. Qf4 Nf6 23. Nc2 Nxd5 24.
cxd5 Qxd5 25. Nb4 Qc4 26. Rac1 Qe2+ 27. Rf2 Qxe3 28. Qxe3 Rxe3 29. Nd5 Re6 30. Nxc7 Rc6 31. Nd5 Kh7 32. Bd2 Rxc1 33. Bxc1 Ne6 34. Rxf7 Nxd4 35. Bg5 Rf8 36. Rxa7 Nf3+ 37. Kg2 Nxg5 38. a4 Rf5 39.
Nf4 Rc5 40. a5 Kh6 41. Ra6 Kh7 42. Ra7 Re5 43. a6 Ne6 0-1

[Event "*** Titled Tuesday Blitz"]
[Site "Chess.com"]
[Date "2018.07.03"]
[Round "7"]
[White "GMKrikor"]
[Black "OparinGrigoriy"]
[Result "0-1"]
[WhiteElo "2617"]
[BlackElo "2885"]
[TimeControl "180+2"]
[EndTime "14:32:19 PDT"]
[Termination "OparinGrigoriy won by resignation"]

1. d4 Nf6 2. c4 e6 3. Nf3 b6 4. a3 Bb7 5. Nc3 Be7 6. d5 d6 7. e4 e5 8. Bd3 c5 9. O-O Nbd7 10. b4 O-O 11. g3 g6 12. Nh4 Nh5 13.
Nf5 Ng7 14. Nxe7+ Qxe7 15. Bh6 f5 16. exf5 gxf5 17. f4 e4 18. Be2 Qf6 19. Bxg7 Qxg7 20.
Nb5 Qf6 21. Nc7 Rac8 22. Ne6 Rfe8 23. Qb3 Nf8 24. Ng5 h6 25. Nh3 b5 26. Rfd1 bxc4 27. Bxc4 cxb4 28. axb4 e3 29. Be2 a6 30. Rac1 Rxc1 31.
Rxc1 Qd4 32. Rd1 Qe4 33. Qc4 Nd7 34. Qxe4 Rxe4 35. Bd3 Rxb4 36. Bxf5 Nf6 37. Re1 Rb3 38. Be6+ Kg7 39. f5 a5 40. Nf4 a4 41. Ra1 a3 42.
Kg2 Ba6 43. Kf3 e2+ 44. Kf2 Bc4 45. Ke1 a2 46. Kd2 Rb1 0-1

[Event "*** Titled Tuesday Blitz"]
[Site "Chess.com"]
[Date "2018.07.03"]
[Round "7"]
[White "pedromartinez91"]
[Black "Passacaglia23"]
[Result "0-1"]
[WhiteElo "2436"]
[BlackElo "2325"]
[TimeControl "180+2"]
[EndTime "14:32:19 PDT"]
[Termination "Passacaglia23 won by resignation"]

1. Nf3 d5 2. d4 Nf6 3. c4 c6 4. cxd5 cxd5 5. Nc3 Nc6 6. Bf4 a6 7. e3 e6 8. Bd3 Bd6 9. Bg3 O-O 10. Rc1 Ne8 11.
O-O f5 12. Ne5 Nxe5 13. Bxe5 b5 14. Qd2 Bb7 15. a4 b4 16. Ne2 a5 17. Bb5 g5 18. Bxe8 Rxe8 19. Bxd6 Qxd6 20. Rc5 Rac8 21. Rfc1 Rxc5 22. Rxc5 Rc8 23. Rxa5 Rc4 24. b3 Qc7 25.
Rc5 Rxc5 26. dxc5 Qxc5 27. h4 gxh4 28. Nd4 Bc8 29. Qc2 Qc3 30. Qxc3 bxc3 31. f4 Kf7 32. Kf2 Kf6 33. Ke2 e5 34. fxe5+ Kxe5 35. Kd3 f4 36. Nf3+ Kf5 37. exf4 Kxf4 38. Nxh4 d4 39. Nf3 Bf5+ 40.
Ke2 d3+ 41. Kd1 Ke3 42. a5 Bg4 43. a6 d2 44. Kc2 Bxf3 45. gxf3 Ke2 46. a7 d1=Q+ 47. Kxc3 Qa1+ 48. Kb4 Qxa7 0-1